 Dungeon Crawl Stone Soup version 0.24.0-125-gc4c63601f3 (webtiles) character file.

Game seed: 2301318683811381244, levelgen mode: deterministic

107 M4edhros the Charlatan (level 4, 0/28 HPs)
             Began as an Octopode Artificer on Mar 21, 2020.
             Slain by a worm (8 damage)
             ... on level 4 of the Dungeon.
             The game lasted 00:01:15 (1297 turns).

M4edhros the Charlatan (Octopode Artificer)         Turns: 1297, Time: 00:01:15

Health: 0/28       AC:  1    Str: 11    XL:     4   Next: 85%
Magic:  7/7        EV: 13    Int: 13    God:
Gold:   48         SH:  0    Dex: 13    Spells: 3/3 levels left

rFire    . . .     SeeInvis .   a - +0 short sword
rCold    . . .     Gourm    .   (no shield)
rNeg     . . .     Faith    .   (helmet restricted)
rPois    .         Spirit   .   (no amulet)
rElec    .         Reflect  .   (no ring)
rCorr    .         Harm     .   (no ring)
MR       .....                  (no ring)
Stlth    ++++......             (no ring)
HPRegen  0.09/turn              (no ring)
MPRegen  0.10/turn              (no ring)
                                (no ring)
                                (no ring)

@: no status effects
A: almost no armour, stealthy swim, amphibious, 8 rings, constrict 8, camouflage
1, gelatinous body 1
a: no special abilities


You were on level 4 of the Dungeon.
You were not hungry.

You visited 1 branch of the dungeon, and saw 4 of its levels.

You collected 48 gold pieces.

Inventory:

Hand Weapons
 a - a +0 short sword (weapon)
Wands
 b - a wand of flame (15)
 c - a wand of enslavement (15)
 d - a wand of random effects (15)
 s - a wand of disintegration (18)
Scrolls
 e - a scroll of teleportation {unknown}
 g - a scroll of noise {unknown}
 i - 2 scrolls of identify {unknown}
 k - a scroll of enchant weapon {unknown}
 l - a scroll of remove curse {unknown}
 n - a scroll of fear {unknown}
 p - a scroll of enchant armour {unknown}
Potions
 h - a potion of brilliance {unknown}
 j - a potion of flight {unknown}
 m - a potion of degeneration {unknown}
 o - a potion of invisibility {unknown}
 q - 2 potions of ambrosia {unknown}
 r - a potion of heal wounds {unknown}
Comestibles
 f - 3 rations


   Skills:
 - Level 1.0 Fighting
 - Level 1.0 Short Blades
 - Level 2.0 Dodging
 + Level 4.6 Stealth
 + Level 4.7 Evocations


You had 3 spell levels left.
You didn't know any spells.
Your spell library was empty.

Dungeon Overview and Level Annotations

Branches:
Dungeon (4/15)
 Temple: D:4-7

Altars:
Okawaru
Yredelemnul
Zin


Innate Abilities, Weirdness & Mutations

You cannot wear most types of armour.
You are very stealthy in the water. (Stealth+)
You are amphibious.
You can wear up to eight rings at the same time.
You can use your tentacles to constrict eight enemies at once.
Your skin changes colour to match your surroundings (Stealth+).
Your rubbery body absorbs attacks. (AC +1, EV +1)


Message History

A worm is nearby!
A worm is nearby!
A worm is nearby!
You hit the worm. Your grab misses the worm.
The worm is lightly wounded.
You hit the worm but do no damage. Your grab misses the worm.
The worm is lightly wounded.
The worm bites you!
You hit the worm but do no damage. You grab the worm. You squeeze the worm.
The worm is heavily wounded.
You constrict the worm.
You are too injured to fight recklessly!
You barely miss the worm. You squeeze the worm, but do no damage.
The worm is heavily wounded.
You constrict the worm. The worm bites you.
* * * LOW HITPOINT WARNING * * *
You hit the worm. Your squeeze misses the worm.
The worm is severely wounded.
You constrict the worm. The worm bites you!
You die...

###... #.. ##..
###########.. #..
#........<#.. #..
####.#########.. #..
.............#.. ####..
####'#######.#..####
#..... .........#
#.#..w..# #####.
.........###.#..@..##
###....
.............#......###
#.#.###
.........#####......#.#
#.#.#.. .........#
#......#.# #.#....
.........#
#......#.#####.###.#
##########
#..................#
#..[.....#####.#####
#......#######......
#...................


You could see a worm.

Vanquished Creatures
  A centaur skeleton (D:4)
  2 worker ants (D:4)
  A dart slug (D:1)
  A leopard gecko (D:1)
  An orc (D:4)
  A bat (D:1)
  3 giant cockroaches
  6 hobgoblins
  2 ball pythons (D:1)
  A frilled lizard (D:4)
  4 kobolds
  4 rats (D:1)
27 creatures vanquished.

Notes
Turn   | Place    | Note
-------+----------+-------------------------------------------
     0 | D:1      | M4edhros the Octopode Artificer began the quest for the
                  | Orb.
     0 | D:1      | Reached XP level 1. HP: 13/13 MP: 3/3
    63 | D:1      | Reached XP level 2. HP: 13/18 MP: 4/4
   245 | D:3      | Reached XP level 3. HP: 15/23 MP: 5/5
  1025 | D:4      | Found a glowing silver altar of Zin.
  1063 | D:4      | Noticed a scorpion
  1084 | D:4      | Found a basalt altar of Yredelemnul.
  1181 | D:4      | Reached XP level 4. HP: 28/28 MP: 7/7
  1211 | D:4      | Found an iron altar of Okawaru.
  1297 | D:4      | Slain by a worm

Levels and vault maps discovered:
D:1:      mrwooster_arrival_arrow, layout_rooms
D:2:      layout_basic, lemuel_coloured_pillars_altar, minitemple,
          chequers_ecumenical_altar_simple, okawaru_altar_gauntlet_db
D:3:      layout_loops_corners, nicolae_overflow_hidden_temple
D:4:      layout_basic, kennysheep_little_box, old_standard_altar, led_sif_pool,
          yredelemnul_altar_generic, lemuel_round_altar, grunt_tough_drop

Skill      XL: |  1  2  3 |
---------------+----------+-----
Stealth        | 2 3 4 |  4.6
Evocations     | 4 |  4.7
Fighting       | |  1.0
Short Blades   | |  1.0
Dodging        | |  2.0

Action                   |  1- 3 |  4- 6 || total
-------------------------+-------+-------++-------
Melee: Short sword       |    51 |    13 ||    64
       Constrict         |    14 |     1 ||    15
       Tentacles         |     6 |     3 ||     9
 Stab: Sleeping          |     7 |       ||     7
  Eat: Chunk             |       |     1 ||     1
Armor: Skin              |     2 |       ||     2
Dodge: Dodged            |    32 |     4 ||    36
